 Seeded DCSS version 0.30.1-11-g7821555f0a (webtiles) character file.

Game seed: 5 (custom seed)

130 Kazon the Cudgeller (level 4, -1/35 HPs)
             Began as a Demonspawn Gladiator on Dec 21, 2023.
             Was an Initiate of Okawaru.
             Slain by a black bear (10 damage)
             ... on level 4 of the Dungeon.
             The game lasted 00:06:43 (2194 turns).

Kazon the Cudgeller (Demonspawn Gladiator)          Turns: 2194, Time: 00:06:45

Health: -1/35      AC:  4    Str: 22    XL:     4   Next: 90%
Magic:  13/13      EV:  9    Int:  9    God:    Okawaru [......]
Gold:   163        SH: 11    Dex: 15    Spells: 3/3 levels left

rFire   . . .        v - +0 war axe
rCold   . . .        c - +0 tower shield
rNeg    . . .        b - +0 leather armour
rPois   .            (helmet restricted)
rElec   +            (no cloak)
rCorr   .            (no gloves)
SInv    .            (no boots)
Will    .....        f - amulet "Ehodang" {rElec Regen+ Str+6}
Stlth   +            q - ring of magical power
HPRegen 1.05/turn    (no ring)
MPRegen 0.13/turn

%: no passive effects
@: no status effects
A: antennae 1, rugged brown scales 1
a: Renounce Religion


You were on level 4 of the Dungeon.
You worshipped Okawaru.
Okawaru was noncommittal.
You visited 2 branches of the dungeon, and saw 5 of its levels.

You collected 163 gold pieces.

Inventory:

Hand Weapons
 a - a +0 flail
 v - a +0 war axe (weapon)
Missiles
 d - 3 throwing nets
 e - a javelin
 g - 9 stones (quivered)
 j - 3 boomerangs
 s - 5 poisoned darts
Armour
 b - a +0 leather armour (worn)
 c - a +0 tower shield (worn)
Jewellery
 f - the amulet "Ehodang" (around neck) {rElec Regen+ Str+6}
   (You acquired it on level 1 of the Dungeon)

   [amulet of regeneration]

   Str:       It affects your strength (+6).
   rElec:     It insulates you from electricity.
   Regen:     It increases your rate of health regeneration.
 q - a ring of magical power (left hand)
Scrolls
 h - a scroll of fog {unknown}
 l - a scroll of blinking {unknown}
 m - a scroll of teleportation {unknown}
 n - a scroll of magic mapping {unknown}
 o - a scroll of summoning {unknown}
 p - 2 scrolls of identify {unknown}
 w - a scroll of torment {unknown}
Potions
 i - a potion of resistance {unknown}
 k - 3 potions of curing {unknown}
 r - a potion of flight {unknown}
 t - a potion of invisibility {unknown}
 u - a potion of berserk rage {unknown}


   Skills:
 + Level 2.8 Fighting
 + Level 0.1(2.2) Axes
 + Level 3.7 Maces & Flails
 * Level 2.0 Throwing
 + Level 0.7 Armour
 + Level 3.2 Dodging
 + Level 0.1 Stealth
 + Level 1.2 Shields
 * Level 0.2 Invocations


You had 3 spell levels left.
You didn't know any spells.
Your spell library contained the following spells:

 Spells                   Type           Power      Damage    Failure   Level
 Frozen Ramparts          Ice            0%         1d1       100%        3
 Ice Form                 Ice/Tmut       0%         N/A       100%        4
 Summon Ice Beast         Ice/Summ       Unusable   N/A       N/A         4

Dungeon Overview and Level Annotations

Branches:
Dungeon (4/15)             Temple (1/1) D:4

Altars:
Fedhas
Gozag
Okawaru
Qazlal
Trog
Uskayaw
Wu Jian


Innate Abilities, Weirdness & Mutations

You have a pair of small antennae on your head.
You are partially covered in rugged brown scales. (AC +1, +3% HP)


Message History

The orc burns you.
You closely miss the orc.
The orc is moderately wounded.
The orc hits you but does no damage. The orc barely misses you.
You closely miss the orc.
The orc is moderately wounded.
You block the orc's attack. x2
You closely miss the orc.
The orc is moderately wounded.
The orc hits you with a +0 hand axe of flaming.
The orc burns you. You block the orc's attack.
You hit the orc but do no damage.
The orc is moderately wounded.
You block the orc's attack.
You slash the orc!
You kill the orc!
Okawaru accepts your kill. The black bear bites you!
The black bear claws you but does no damage. x2
You hit the black bear.
The black bear is lightly wounded.
You block the black bear's attack. The black bear claws you.
You block the black bear's attack. The black bear barely misses you.
The black bear claws you. The black bear barely misses you.
You slash the black bear!
The black bear is heavily wounded.
The black bear bites you! You block the black bear's attack.
The black bear claws you.
You hit the black bear.
The black bear is severely wounded.
The black bear goes berserk!
The black bear bites you but does no damage.
The black bear claws you. The black bear closely misses you.
You hit the black bear.
The black bear is almost dead.
You block the black bear's attack. x3; The black bear bites you.
The black bear claws you.
* * * LOW HITPOINT WARNING * * *
The black bear closely misses you. The black bear bites you!
You die...

.....###..##.######.
..>.......... ...#.
.........##.####.#.
###..##...##........
#...................
#..##.#...)##.#.#.
#.................
#.###.#.##.##.#.#.
#@# #.#.##.##.#.##
#h# #.#.##.##.#..#
#o# ###.##.##.##.#
......)##
#.##.##.##.. .......
####........ .......
#.##.#.#. .......
#.......) ##+##..
#.##.#... #.. #
#.....


You could see a black bear (berserk) and an orc.

Vanquished Creatures
  4 adders
  3 worms
  5 orcs
  4 bats
  9 endoplasms
  A giant cockroach (D:1)
  12 goblins
  6 hobgoblins
  11 jackals
  3 kobolds
  5 ball pythons
  3 frilled lizards
  4 rats
70 creatures vanquished.

Notes
Turn   | Place    | Note
-------+----------+-------------------------------------------
     0 | D:1      | Kazon the Demonspawn Gladiator began the quest for the Orb.
     0 | D:1      | Reached XP level 1. HP: 16/16 MP: 1/1
    46 | D:1      | Identified a scroll of acquirement
    46 | D:1      | Acquired the amulet "Ehodang" {rElec Regen+ Str+6}
    90 | D:1      | Gained mutation: You have a pair of small antennae on your
                  | head. [demonic ancestry]
    90 | D:1      | Reached XP level 2. HP: 22/22 MP: 2/2
   564 | D:1      | Gained mutation: You are partially covered in rugged brown
                  | scales. (AC +1, +3% HP) [demonic ancestry]
   564 | D:1      | Reached XP level 3. HP: 22/27 MP: 3/3
  1037 | D:2      | Reached XP level 4. HP: 35/35 MP: 4/4
  1365 | D:2      | Reached skill level 1 in Shields
  1516 | D:3      | Found a blossoming altar of Fedhas.
  1843 | D:3      | Found a stormy altar of Qazlal.
  2009 | D:3      | Identified the +2 sling "Qeuhanocyt" {speed, rElec Str-3
                  | Dex+2}
  2027 | D:3      | Found a faded altar of an unknown god.
  2095 | D:4      | Found a staircase to the Ecumenical Temple.
  2103 | Temple   | Entered the Ecumenical Temple
  2117 | Temple   | Became a worshipper of Warmaster Okawaru
  2177 | D:4      | Noticed a black bear
  2194 | D:4      | Slain by a black bear

Illustrated notes

Levels and vault maps discovered:
D:1:      ebering_trefoil_3fold, layout_basic, st_stairs_14, serial_bayou_ford_a
D:2:      layout_basic, hangedman_decor_growths, minmay_close_crescents
D:3:      layout_rooms, mainiacjoe_overflow_concentric_impassable,
          mainiacjoe_overflow_paths, shapermc_ecumenical_altar_acropolis,
          chequers_serial_rivers_micro_b
D:4:      layout_basic, riverfiend_overflow_shadow_ancestor,
          minmay_temple_entry_glass, uniq_sigmund
Temple:   nicolae_temple_elliptical

Skill      XL: |  1  2  3  4 |
---------------+-------------+-----
Dodging        | 3 |  3.2
Maces & Flails | 3 |  3.7
Shields        | 1 |  1.2
Throwing       | 2 |  2.0
Fighting       | |  2.8
Axes           | |  0.1
Armour         | |  0.7
Stealth        | |  0.1
Invocations    | |  0.2

Action                     |  1- 3 |  4- 6 || total
---------------------------+-------+-------++-------
  Melee: Flail             |   129 |    71 ||   200
         Punch             |     1 |       ||     1
         War axe           |       |    21 ||    21
  Throw: Stone             |       |     7 ||     7
    Use: Scroll            |     2 |       ||     2
         Potion            |     1 |       ||     1
 Armour: Leather armour    |    41 |    22 ||    63
  Dodge: Dodged            |    56 |    39 ||    95
  Block: Tower shield      |    40 |    64 ||   104
